Map: 2000 Atmospheres LE

Players

TiaMat - Winner!

  • Race: Protoss Protoss
  • League: Gold

fons

  • Race: Protoss Protoss
  • League: Gold

VOD

Have the link to the VOD?

Description

Time

  • Played on: June 12, 2021, 5:40 p.m.
  • Length: 8:33
Show
View Real Time Build Order
Export as new Build Order

TiaMat Protoss - Winner!

Build Orders:  

Get SALT Encoding   

  12  0:00  Probe  
  13  0:12  Probe  
  14  0:18  Pylon  
  14  0:24  Probe  
  15  0:37  Probe (Chrono Boost)  
  15  0:39  Gateway  
  16  0:45  Assimilator  
  17  0:51  Probe (Chrono Boost)  
  17  0:57  Probe (Chrono Boost)  
  17  1:00  Assimilator  
  18  1:06  Probe  
  19  1:12  Gateway  
  19  1:18  Probe  
  20  1:27  Cybernetics Core  
  20  1:30  Probe  
  21  1:42  Probe  
  22  1:54  Probe  
  23  2:05  Pylon  
  23  2:12  Nexus  
  23  2:16  Pylon  
  23  2:21  Warp Gate  
  23  2:23  Probe  
  23  2:28  Stalker (Chrono Boost)  
  26  2:33  Sentry (Chrono Boost)  
  26  2:35  Probe  
  29  2:48  Pylon, Probe  
  30  2:57  Stalker  
  32  3:00  Probe  
  33  3:10  Twilight Council  
  33  3:12  Probe  
  34  3:16  Robotics Facility  
  34  3:24  Probe  
  35  3:30  Shield Battery  
  35  3:35  Probe (Chrono Boost)  
  35  3:36  Probe (Chrono Boost)  
  37  3:44  Pylon  
  37  3:45  Probe x2 (Chrono Boost)  
  37  3:47  Charge  
  39  3:50  Probe x2 (Chrono Boost)  
  41  4:01  Probe  
  41  4:02  Probe  
  43  4:07  Pylon  
  43  4:11  Immortal (Chrono Boost)  
  43  4:13  Probe  
  48  4:22  Gateway  
  48  4:25  Gateway  
  48  4:26  Zealot  
  48  4:29  Stalker  
  52  4:43  Gateway  
  52  4:44  Gateway  
  52  4:47  Immortal (Chrono Boost)  
  56  5:02  Gateway  
  56  5:04  Zealot x2  
  60  5:16  Pylon  
  60  5:20  Pylon  
  60  5:21  Warp Prism (Chrono Boost)  
  60  5:27  Zealot x3  
  68  5:29  Zealot  
  70  5:52  Zealot x4  
  78  6:23  Zealot x3  
  78  6:24  Zealot x3  
  88  6:49  Zealot x3  
  94  7:07  Pylon  
  94  7:10  Pylon  
  94  7:13  Pylon  
  94  7:17  Pylon  
  94  7:27  Zealot x4  
  94  7:28  Zealot x2  
  104  8:05  Zealot x5  
  108  8:06  Zealot  
  108  8:27  Zealot x4  
  108  8:28  Zealot x2  
Show
View Real Time Build Order
Export as new Build Order

fons Protoss 

Build Orders: 1 Gate Expand, Double Forge 

Get SALT Encoding   

  12  0:00  Probe  
  13  0:12  Probe (Chrono Boost)  
  14  0:19  Pylon  
  14  0:28  Probe (Chrono Boost)  
  15  0:40  Probe  
  16  0:43  Gateway  
  16  0:52  Probe  
  17  1:02  Assimilator  
  17  1:06  Probe (Chrono Boost)  
  18  1:14  Probe (Chrono Boost)  
  19  1:20  Probe  
  20  1:29  Nexus  
  20  1:33  Probe  
  20  1:39  Cybernetics Core  
  21  1:45  Probe  
  21  1:46  Assimilator  
  22  1:56  Pylon  
  22  2:00  Probe  
  24  2:15  Probe (Chrono Boost)  
  24  2:17  Warp Gate  
  24  2:19  Stalker  
  27  2:23  Probe (Chrono Boost)  
  27  2:29  Probe  
  28  2:41  Pylon  
  28  2:42  Probe (Chrono Boost)  
  30  2:47  Probe (Chrono Boost)  
  30  2:49  Sentry  
  33  2:52  Probe (Chrono Boost)  
  33  2:56  Probe (Chrono Boost)  
  33  2:57  Probe (Chrono Boost)  
  34  3:03  Gateway  
  35  3:08  Probe x2 (Chrono Boost)  
  35  3:10  Robotics Facility  
  37  3:15  Stalker  
  41  3:20  Probe (Chrono Boost)  
  41  3:21  Shield Battery  
  41  3:23  Probe (Chrono Boost)  
  41  3:25  Probe (Chrono Boost)  
  42  3:30  Probe  
  43  3:35  Probe (Chrono Boost)  
  44  3:41  Assimilator  
  44  3:43  Assimilator  
  44  3:46  Probe (Chrono Boost)  
  44  3:47  Probe (Chrono Boost)  
  46  3:50  Stalker  
  46  3:52  Stalker  
  52  3:55  Probe (Chrono Boost)  
  52  3:57  Probe (Chrono Boost)  
  52  4:09  Probe (Chrono Boost)  
  54  4:11  Probe (Chrono Boost)  
  54  4:12  Pylon  
  54  4:29  Forge, Probe (Chrono Boost)  
  54  4:30  Forge  
  54  4:31  Probe (Chrono Boost), Immortal  
  60  4:34  Twilight Council  
  60  4:37  Nexus  
  60  4:38  Pylon  
  60  4:40  Probe  
  60  4:43  Probe (Chrono Boost)  
  62  4:58  Probe (Chrono Boost)  
  62  4:59  Stalker x2  
  68  5:02  Probe (Chrono Boost)  
  68  5:04  Probe (Chrono Boost)  
  69  5:09  Probe  
  70  5:15  Protoss Ground Weapons Level 1 (Chrono Boost)  
  70  5:19  Charge  
  70  5:21  Pylon  
  70  5:26  Pylon, Protoss Ground Armor Level 1 (Chrono Boost)  
  70  5:28  Pylon  
  70  5:37  Gateway  
  70  5:39  Observer, Probe x2  
  70  5:41  Gateway  
  73  5:43  Gateway  
  73  5:44  Stalker  
  73  5:45  Stalker  
  77  5:52  Probe x2 (Chrono Boost)  
  77  5:56  Probe (Chrono Boost)  
  80  6:02  Probe x2 (Chrono Boost)  
  83  6:05  Probe (Chrono Boost)  
  83  6:06  Assimilator  
  83  6:10  Probe, Assimilator  
  83  6:11  Probe  
  83  6:15  Nexus, Probe  
  86  6:18  Pylon, Stalker  
  86  6:19  Stalker  
  86  6:21  Pylon  
  86  6:23  Probe x2 (Chrono Boost)  
  92  6:26  Immortal (Chrono Boost)  
  97  6:35  Probe (Chrono Boost)  
  97  6:36  Probe (Chrono Boost)  
  99  6:40  Probe (Chrono Boost)  
  99  6:42  Probe (Chrono Boost)  
  99  6:44  Probe (Chrono Boost)  
  99  6:45  Stalker x2  
  99  6:46  Stalker x3, Probe  
  67  7:08  Probe  
  67  7:09  Probe  
  67  7:14  Stalker x5, Immortal (Chrono Boost)  
  78  7:26  Probe  
  78  7:27  Probe  
  80  7:40  Pylon  
  80  7:45  Pylon  
  80  7:49  Pylon  
  80  7:53  Pylon  
  81  7:58  Probe x2  
  86  8:10  Probe (Chrono Boost)  
  86  8:11  Pylon  
  88  8:13  Probe (Chrono Boost)  
  88  8:16  Pylon  
  74  8:22  Probe (Chrono Boost)  
Tags
 
Add a new tag
Caveats
  • Supply blocks, unpowered buildings, or Contaminate may cause inaccurate times.
  • Supply counts are checked every 10 seconds.